 Dungeon Sprint DCSS version 0.30-a0-1112-gfb780f5df6 (webtiles) character file.

Game seed: 15141218007155169167

1183 BigDaddyOpFi the Cleaver (level 8, -7/74 (82) HPs)
             Began as a Hill Orc Fighter on Apr 19, 2023.
             Was a Priest of Ru.
             Killed from afar by an orc sorcerer (16 damage)
             ... with a bolt of negative energy
             ... in the Dungeon (Sprint VII: "The Pits").
             The game lasted 00:02:29 (976 turns).

BigDaddyOpFi the Cleaver (Hill Orc Fighter)          Turns: 976, Time: 00:02:30

HP:   -7/74 (82)    AC: 20    Str: 24    XL:     8   Next: 42%
MP:   8/8           EV:  7    Int:  8    God:    Ru [***...]
Gold: 0             SH:  6    Dex: 13    Spells: 7/7 levels left

rFire   . . .      SeeInvis .    o - +2 war axe (freeze)
rCold   . . .      Faith    .    c - +0 buckler
rNeg    . . .      Spirit   .    p - +3 plate armour
rPois   .          Reflect  .    (no helmet)
rElec   .          Rampage  .    q - +0 cloak
rCorr   .          NoTele   +    (no gloves)
Will    .....                    r - +0 pair of boots Stlth
                                 (no amulet)
HPRegen 0.32/turn                b - +3 ring of strength
MPRegen 0.11/turn                d - +3 ring of dexterity

@: drained
A: inability to use devices, hated by all
a: Renounce Religion, Draw Out Power


You were in the Dungeon.
You worshipped Ru.
Ru was most pleased with you.
You visited 1 branch

Inventory:

Hand Weapons
 o - a +2 war axe of freezing (weapon)
Armour
 c - a +0 buckler (worn)
 p - a +3 plate armour (worn)
 q - a +0 cloak (worn)
 r - a +0 pair of boots (worn)
Jewellery
 b - a +3 ring of strength (left hand)
 d - a +3 ring of dexterity (right hand)
Scrolls
 j - a scroll of blinking
Potions
 e - 8 potions of curing
 f - 8 potions of heal wounds
 g - a potion of haste
 h - 4 potions of magic
 i - 3 potions of berserk rage
 k - 2 potions of invisibility
 m - a potion of might
 n - 3 potions of brilliance


   Skills:
 + Level 11.4 Fighting
 + Level 12.1 Axes
 + Level 10.5 Armour
 + Level 10.5 Shields


You had 7 spell levels left.
You didn't know any spells.
Your spell library was empty.

Dungeon Overview and Level Annotations

Branches:
Dungeon (1/1)

Altars:
Ashenzari
Cheibriados
Dithmenos
Elyvilon
Gozag
Kikubaaqudgha
Makhleb
Nemelex Xobeh
Okawaru
Qazlal
Ru
Sif Muna
Trog
Uskayaw
Vehumet
Wu Jian
Xom
Zin
The Shining One
Lugonu


Innate Abilities, Weirdness & Mutations

You cannot study or use magical devices.
You are hated by all.


Message History

The vampire mosquito bites you.
The vampire mosquito draws strength from your injuries!
The orc sorcerer hits you but does no damage.
You closely miss the orc sorcerer.
The orc sorcerer is lightly wounded.
You barely miss the vampire mosquito. You slash the vampire mosquito!
You freeze the vampire mosquito.
The vampire mosquito bites you but does no damage.
The vampire mosquito bites you.
The vampire mosquito draws strength from your injuries!
The vampire mosquito is stunned by your conviction and fails to attack.
The vampire mosquito bites you but does no damage.
You barely miss the orc sorcerer.
The orc sorcerer is lightly wounded.
You slash the vampire mosquito! You freeze the vampire mosquito.
You destroy the vampire mosquito!
You barely miss the vampire mosquito.
You block the vampire mosquito's attack.
The orc sorcerer hits you but does no damage.
The vampire mosquito barely misses you.
Your Axes skill increases to level 12!
You slash the orc sorcerer! You freeze the orc sorcerer.
The orc sorcerer is heavily wounded.
You barely miss the vampire mosquito. The vampire mosquito barely misses you.
The orc sorcerer hits you but does no damage.
You hit the orc sorcerer but do no damage.
The orc sorcerer is heavily wounded.
You closely miss the vampire mosquito.
You block the vampire mosquito's attack.
The orc sorcerer gestures at you while chanting.
The bolt of negative energy hits you!!
You feel drained.
* * * LOW HITPOINT WARNING * * *
The vampire mosquito bites you but does no damage.
You closely miss the orc sorcerer.
The orc sorcerer is heavily wounded.
You barely miss the vampire mosquito.
The vampire mosquito bites you but does no damage.
The orc sorcerer casts a spell at you. The bolt of negative energy hits you!
You feel drained.
You die...

###'##................#
))'.##......#..#......#
###.##................+
.....'................+
'#####......#..#......#
..'.##................#
..#.#####'#####''######
###.##.......##''#######
..#.##.......##.@o......
..'.##.......##.y†......
######...<...##..#####..
)))[##.......##..+
)))[##.......##..#
######.......##..# .#..
##########..#
.#.############...
.#.#....#....#


You could see an orc sorcerer and a vampire mosquito.

Vanquished Creatures
  A flying skull (D)
  A wyvern (D)
  A vampire mosquito (D)
  A small abomination (D)
  A floating eye (D)
  A water moccasin (D)
  A black bear (D)
  A necrophage (D)
  4 wights (D)
  A jelly (D)
  An orc wizard (D)
  A river rat (D)
  An ufetubus (D)
  A hobgoblin (D)
  7 jackals (D)
  2 kobolds (D)
  A ball python skeleton (D)
  2 frilled lizards (D)
  A jackal zombie (D)
  2 rats (D)
32 creatures vanquished.

Notes
Turn   | Place    | Note
-------+----------+-------------------------------------------
     0 | D        | BigDaddyOpFi the Hill Orc Fighter began the quest for the
                  | Orb.
     0 | D        | Reached XP level 1. HP: 19/19 MP: 1/1
    18 | D        | Found a bloodstained altar of Trog.
    18 | D        | Found a shimmering blue altar of Sif Muna.
    18 | D        | Found a viscous altar of Jiyva.
    18 | D        | Found a hazy altar of Hepliaklqana.
    18 | D        | Found an opulent altar of Gozag.
    19 | D        | Found a glowing golden altar of the Shining One.
    19 | D        | Found a glowing silver altar of Zin.
    19 | D        | Found a basalt altar of Yredelemnul.
    19 | D        | Found a shimmering altar of Xom.
    19 | D        | Found an ornate altar of the Wu Jian Council.
    19 | D        | Found a sacrificial altar of Ru.
    19 | D        | Found a stormy altar of Qazlal.
    19 | D        | Found an iron altar of Okawaru.
    19 | D        | Found a sparkling altar of Nemelex Xobeh.
    19 | D        | Found a burning altar of Makhleb.
    19 | D        | Found a blossoming altar of Fedhas.
    19 | D        | Found a white marble altar of Elyvilon.
    19 | D        | Found a shadowy altar of Dithmenos.
    19 | D        | Found a snail-covered altar of Cheibriados.
    20 | D        | Found a radiant altar of Vehumet.
    20 | D        | Found a corrupted altar of Lugonu.
    20 | D        | Found a roughly hewn altar of Beogh.
    21 | D        | Found a hide-covered altar of Uskayaw.
    21 | D        | Found an ancient bone altar of Kikubaaqudgha.
    21 | D        | Found a broken altar of Ashenzari.
    26 | D        | Became a worshipper of Ru the Awakened
    51 | D        | Reached skill level 3 in Axes
    74 | D        | Reached XP level 2. HP: 27/27 MP: 2/2
    82 | D        | Reached skill level 4 in Axes
   149 | D        | Reached XP level 3. HP: 26/35 MP: 3/3
   151 | D        | Reached skill level 5 in Fighting
   161 | D        | Gained mutation: You cannot study or use magical devices.
                  | [Ru sacrifice]
   161 | D        | Reached * piety under Ru
   161 | D        | Reached ** piety under Ru
   222 | D        | Noticed a floating eye
   222 | D        | Noticed a wight
   222 | D        | Noticed a wight
   223 | D        | Noticed a wight
   223 | D        | Noticed a wight
   223 | D        | Noticed a black bear
   227 | D        | Killed a floating eye
   228 | D        | Reached skill level 6 in Axes
   228 | D        | Reached XP level 4. HP: 45/45 MP: 4/4
   228 | D        | Reached XP level 5. HP: 51/51 MP: 5/5
   235 | D        | Reached skill level 7 in Axes
   244 | D        | Reached skill level 8 in Axes
   244 | D        | Reached XP level 6. HP: 39/61 MP: 6/6
   246 | D        | Killed a black bear
   247 | D        | Reached skill level 9 in Axes
   288 | D        | Reached XP level 7. HP: 35/70 MP: 7/7
   290 | D        | Noticed a flying skull
   300 | D        | Killed a flying skull
   301 | D        | Reached skill level 10 in Fighting
   301 | D        | Reached skill level 10 in Axes
   593 | D        | Reached skill level 11 in Axes
   594 | D        | Gained mutation: You are hated by all. [Ru sacrifice]
   594 | D        | Reached *** piety under Ru
   599 | D        | Noticed a small abomination
   599 | D        | Noticed a wyvern
   610 | D        | Killed a small abomination
   611 | D        | Reached skill level 10 in Armour
   611 | D        | Reached skill level 10 in Shields
   611 | D        | Reached XP level 8. HP: 50/81 MP: 8/8
   620 | D        | Killed a wyvern
   966 | D        | Noticed an orc sorcerer
   974 | D        | Reached skill level 12 in Axes
   976 | D        | Killed from afar by an orc sorcerer

Illustrated notes

Levels and vault maps discovered:
D:        pitsprint [storerooms_1, entrance_room_1, metal_vault_8, armoury_3,
          mini_pit_1, grid_room_1, main_hall_1, silver_pit, the_coven_1,
          the_vestibule_1, steel_vault_1, golden_pit, hallway_of_sentries,
          crystal_vault_3, iron_vault_2, final_vault]

Skill      XL: |  1  2  3  4  5  6  7  8 |
---------------+-------------------------+-----
Fighting       | 4 6 8 9 10 11 | 11.4
Axes           | 3 4 6 8 9 11 12 | 12.1
Armour         | 4 6 7 8 10 | 10.5
Shields        | 4 6 7 8 10 | 10.5

Action                     |  1- 3 |  4- 6 |  7- 9 || total
---------------------------+-------+-------+-------++-------
  Melee: War axe           |    43 |    25 |    59 ||   127
 Invoke: Sacrifice Artific |     1 |       |       ||     1
         Sacrifice Love    |       |       |     1 ||     1
    Use: Potion            |     1 |     3 |       ||     4
   Stab: Distracted        |       |       |     1 ||     1
 Armour: Scale mail        |    28 |       |       ||    28
         Plate armour      |       |    12 |    36 ||    48
  Dodge: Dodged            |    20 |    13 |    15 ||    48
  Block: Buckler           |    21 |     7 |    12 ||    40

Table legend: (Time is in decaauts)
 A = Elapsed time spent in this place.
 B = Non-inter-level travel time spent in this place.
 C = Inter-level travel time spent in this place.
 D = Time resting spent in this place.
 E = Time spent auto-exploring this place.
 F = Levels seen in this place.
 G = Mean time per level.
                   A        B        C        D        E       F      G
               +--------+--------+--------+--------+--------+-----+--------+
         Total |    998 |    927 |     71 |    569 |      0 |   1 |  998.0 |
       Dungeon |    998 |    927 |     71 |    569 |      0 |   1 |  998.0 |
               +--------+--------+--------+--------+--------+-----+--------+

Top non-repeatable levels by time:
       D: 998 daAuts
